 Dungeon Crawl Stone Soup version 0.31-a0-1499-ge0622b2318 (webtiles) character file.

Game seed: 15985137726807975585

144 IdlyInterested the Trooper (level 5, -1/42 HPs)
             Began as a Demonspawn Fighter on Dec 29, 2023.
             Incinerated by a bombardier beetle (3 damage)
             ... with a burning spray
             ... on level 4 of the Dungeon.
             The game lasted 00:06:47 (3057 turns).

IdlyInterested the Trooper (Demonspawn Fighter)     Turns: 3057, Time: 00:06:48

Health: -1/42      AC: 16    Str: 16    XL:     5   Next: 5%
Magic:  5/5        EV:  7    Int:  8    God:
Gold:   261        SH:  0    Dex: 15    Spells: 4/4 levels left

rFire   . . .        a - +0 rapier
rCold   . . .        c - +0 buckler
rNeg    . . .        B - +0 chain mail
rPois   .            (no helmet)
rElec   .            e - +0 cloak
rCorr   .            m - +0 pair of gloves
SInv    .            (no boots)
Will    .....        (no amulet)
Stlth   x              - +4 ring of slaying
HPRegen 0.27/turn    v - +4 ring of protection
MPRegen 0.09/turn

%: no passive effects
@: confused, on fire, ambrosia-drunk, glowing
A: powered by pain 1, sharp scales 1, condensation shield, MP-powered wands
a: no special abilities


You were on level 4 of the Dungeon.
You visited 1 branch of the dungeon, and saw 4 of its levels.

You collected 261 gold pieces.

Inventory:

Hand Weapons
 a - a +0 rapier (weapon)
 h - a +0 spear
 n - a +0 scimitar
 q - a +2 dagger of draining
 t - a +0 war axe
Missiles
 f - 17 poisoned darts (quivered)
 g - 58 stones
 y - 4 datura-tipped darts
Armour
 c - a +0 buckler (worn)
 e - a +0 cloak (worn)
 m - a +0 pair of gloves (worn)
 B - a +0 chain mail (worn)
Jewellery
 i - an amulet of faith
 u - a ring of protection from cold
 v - a +4 ring of protection (right hand)
 x - a +4 ring of slaying (left hand)
Scrolls
 j - 2 scrolls of blinking
 o - 3 scrolls of teleportation
 p - a scroll of immolation {unknown}
 r - a scroll of enchant armour
 w - 2 scrolls of revelation
 A - a scroll of fog {unknown}
Potions
 d - 2 potions of might
 k - a potion of brilliance
 l - a potion of mutation
 s - a potion of curing {unknown}
 z - a potion of ambrosia


   Skills:
 + Level 4.2 Fighting
 - Level 2.0 Short Blades
 - Level 2.0 Throwing
 - Level 3.0 Armour
 * Level 1.6 Dodging
 - Level 1.0 Stealth
 - Level 2.6 Shields


You had 4 spell levels left.
You didn't know any spells.
Your spell library contained the following spells:

 Spells                   Type           Power      Damage    Failure   Level
 Slow                     Hex            0%         N/A       100%        1
 Ensorcelled Hibernation  Hex/Ice        0%         N/A       100%        2
 Lesser Beckoning         Tloc           0%         N/A       100%        2
 Confusing Touch          Hex            0%         N/A       100%        3
 Fugue of the Fallen      Necr           0%         N/A       100%        3
 Gell's Gravitas          Tloc           0%         N/A       100%        3
 Sigil of Binding         Hex            0%         N/A       100%        3
 Teleport Other           Tloc           0%         N/A       100%        3
 Vampiric Draining        Necr           0%         2d6       100%        3
 Anguish                  Hex/Necr       0%         N/A       100%        4
 Summon Forest            Summ/Tloc      0%         N/A       100%        5
 Summon Mana Viper        Hex/Summ       0%         N/A       100%        5
 Summon Cactus Giant      Summ           0%         N/A       100%        6


Dungeon Overview and Level Annotations

Branches:
Dungeon (4/15)
 Temple: D:4-7

Altars:


Innate Abilities, Weirdness & Mutations

You sometimes gain a little power by taking damage.
You are partially covered in razor-sharp scales. (AC +1, Slay +1)
A meltable shield of frost defends you. (SH +0)
You expend magic power (3 MP) to strengthen your wands.


Message History

You completely miss the bombardier beetle.
The bombardier beetle is heavily wounded.
The liquid fire burns you!
The bombardier beetle sprays incendiary fluid at you.
The burning spray hits you.
You are even more covered in liquid fire!
You hit the bombardier beetle.
The bombardier beetle is almost dead.
The liquid fire burns you!
The bombardier beetle sprays incendiary fluid at you.
The burning spray hits you.
You are even more covered in liquid fire!
You barely miss the bombardier beetle.
The bombardier beetle is almost dead.
The liquid fire burns you!
You hit the bombardier beetle.
You kill the bombardier beetle!
The liquid fire burns you!
You have reached level 5!
Your demonic ancestry asserts itself...
Frost condenses into a shield before you.
You shake off some of the fire as you move.
The liquid fire burns you!
Your condensation shield dissipates!
You shake off some of the fire as you move.
The liquid fire burns you!
* * * LOW HITPOINT WARNING * * *
You shake off some of the fire as you move.
The liquid fire burns you!
* * * LOW HITPOINT WARNING * * *
You shake off some of the fire as you move.
The liquid fire burns you!
* * * LOW HITPOINT WARNING * * *
You shake off some of the fire as you move.
The liquid fire burns you!
* * * LOW HITPOINT WARNING * * *
You are confused.
You feel invigorated. The liquid fire burns you!
You die...

##....####.........####.
#........+.........'....
#.....####.........####.
#.^..## ##.......## ##
###.## ##.....## #. #.#
##...## #. #.# ##+# #.
#.# ########. ##
#####.###@....... #
#.........######. #
#.###.###.#### #
#.>......# #
#######.##..... .
≈.P.....# ###. #
≈#.####†# #.# #..


There were no monsters in sight!

Vanquished Creatures
  A howler monkey (D:4)
  A bombardier beetle (D:4)
  2 adders
  A ribbon worm (D:3)
  A dart slug (D:2)
  4 orcs
  A bat (D:2)
  3 endoplasms
  A giant cockroach (D:2)
  5 goblins
  4 hobgoblins
  3 jackals (D:2)
  9 kobolds
  3 ball pythons
  A frilled lizard (D:2)
40 creatures vanquished.

Notes
Turn   | Place    | Note
-------+----------+-------------------------------------------
     0 | D:1      | IdlyInterested the Demonspawn Fighter began the quest for
                  | the Orb.
     0 | D:1      | Reached XP level 1. HP: 18/18 MP: 1/1
   333 | D:1      | Gained mutation: You sometimes gain a little power by
                  | taking damage. [demonic ancestry]
   333 | D:1      | Reached XP level 2. HP: 20/24 MP: 2/2
   355 | D:1      | Reached skill level 1 in Throwing
   869 | D:2      | Gained mutation: You expend magic power (3 MP) to
                  | strengthen your wands. [potion of mutation]
  1377 | D:2      | Reached XP level 3. HP: 29/29 MP: 3/3
  1883 | D:3      | Reached skill level 1 in Dodging
  2145 | D:3      | Reached skill level 1 in Stealth
  2483 | D:4      | Gained mutation: You are partially covered in razor-sharp
                  | scales. (AC +1, Slay +1) [demonic ancestry]
  2483 | D:4      | Reached XP level 4. HP: 35/37 MP: 4/4
  2642 | D:4      | Reached skill level 4 in Fighting
  3052 | D:4      | Gained mutation: A meltable shield of frost defends you.
                  | (SH +0) [demonic ancestry]
  3052 | D:4      | Reached XP level 5. HP: 18/42 MP: 5/5
  3056 | D:4      | HP: 2/42 [burnt (3)]
  3057 | D:4      | Incinerated by a bombardier beetle

Illustrated notes

Levels and vault maps discovered:
D:1:      dpeg_arrival_water_fire, layout_basic
D:2:      layout_basic, reono_crystal_passage
D:3:      layout_basic
D:4:      layout_loops_corners, nicolae_elyvilon_temple_path,
          grunt_ministairs_10

Skill      XL: |  1  2  3  4 |
---------------+-------------+-----
Short Blades   | 2 |  2.0
Throwing       | 1 2 |  2.0
Armour         | 3 |  3.0
Dodging        | 1 |  1.6
Stealth        | 1 |  1.0
Fighting       | 4 |  4.2
Shields        | |  2.6

Action                     |  1- 3 |  4- 6 || total
---------------------------+-------+-------++-------
  Melee: Rapier            |   143 |    25 ||   168
  Throw: Dart              |     4 |       ||     4
    Use: Potion            |     2 |     2 ||     4
         Scroll            |     4 |       ||     4
 Armour: Scale mail        |    86 |     5 ||    91
         Chain mail        |       |     2 ||     2
  Dodge: Dodged            |    59 |    11 ||    70
  Block: Buckler           |    27 |     4 ||    31

Table legend: (Time is in decaauts)
 A = Elapsed time spent in this place.
 B = Non-inter-level travel time spent in this place.
 C = Inter-level travel time spent in this place.
 D = Time resting spent in this place.
 E = Time spent auto-exploring this place.
 F = Levels seen in this place.
 G = Mean time per level.
                   A        B        C        D        E       F      G
               +--------+--------+--------+--------+--------+-----+--------+
         Total |   3078 |   2970 |    108 |     78 |   2319 |   4 |  769.5 |
       Dungeon |   3078 |   2970 |    108 |     78 |   2319 |   4 |  769.5 |
               +--------+--------+--------+--------+--------+-----+--------+

Top non-repeatable levels by time:
     D:2: 958 daAuts
     D:1: 837 daAuts
     D:3: 705 daAuts
     D:4: 576 daAuts
